 Dungeon Crawl Stone Soup version 0.21-a0-442-g848f44b (webtiles) character file.

91 tof the Twirler (level 4, -1/34 HPs)
             Began as a Demonspawn Gladiator on Nov 12, 2017.
             Slain by tof's ghost (4 damage)
             ... on level 4 of the Dungeon.
             The game lasted 00:03:51 (2176 turns).

tof the Twirler (Demonspawn Gladiator)              Turns: 2176, Time: 00:03:51

Health: -1/34      AC:  3    Str: 14    XL:     4   Next: 34%
Magic:  4/4        EV: 13    Int:  9    God:
Gold:   102        SH:  0    Dex: 16    Spells: 3/3 levels left

rFire    . . .     SeeInvis .   a - +0 quarterstaff
rCold    . . .     Gourm    .   (shield currently unavailable)
rNeg     . . .     Faith    .   b - +0 leather armour
rPois    .         Spirit   .   (helmet restricted)
rElec    .         Reflect  .   (no cloak)
rCorr    .         Harm     .   (no gloves)
MR       .....                  (no boots)
Stlth    +.........             (no amulet)
HPRegen  0.11/turn              (no ring)
MPRegen  0.09/turn              (no ring)

@: drained
A: antennae 1, hooves 1
a: no special abilities


You were on level 4 of the Dungeon.
You were not hungry.

You visited 1 branch of the dungeon, and saw 4 of its levels.

You collected 102 gold pieces.

Inventory:

Hand Weapons
 a - a +0 quarterstaff (weapon)
Missiles
 d - 3 throwing nets (quivered)
 j - 15 poisoned needles
Armour
 b - a +0 leather armour (worn)
 c - a +0 helmet
Jewellery
 l - an uncursed ring of see invisible {unknown}
Scrolls
 g - a scroll of remove curse {unknown}
 i - a scroll of teleportation {unknown}
 k - a scroll of enchant armour {unknown}
 n - 3 scrolls of enchant weapon {unknown}
 o - a scroll of fear {unknown}
 q - a scroll of identify {unknown}
Potions
 e - a potion of heal wounds {unknown}
 m - a potion of flight {unknown}
Comestibles
 f - a bread ration
 h - a royal jelly
 p - a chunk of flesh


   Skills:
 + Level 2.6(2.4) Fighting
 * Level 3.6(3.4) Staves
 - Level 1.7(1.5) Throwing
 + Level 1.3(1.1) Armour
 + Level 3.2(3.0) Dodging


You had 3 spell levels left.
You didn't know any spells.

Dungeon Overview and Level Annotations

Branches:
Dungeon (4/15)
 Temple: D:4-7

Altars:
Dithmenos
Xom

Annotations:
D:3 TimeToSplat's ghost, amateur GrCK
D:4 tof's ghost, novice DsGl


Innate Abilities, Weirdness & Mutations

You have a pair of small antennae on your head.
You have large cloven feet.


Message History

The kobold hits you but does no damage.
You feel drained.
You hit the kobold.
You kill the kobold!
Things that are here:
a dagger of draining; a kobold corpse
There is a stone staircase leading down here.
You climb downwards.
There is a stone staircase leading up here.
Tof's ghost (novice Demonspawn Gladiator) comes into view.
Tof's ghost turns its malevolent gaze towards you.
Found a fruit and a short sword.
You closely miss tof's ghost. You kick tof's ghost, but do no damage.
Tof's ghost hits you!
You completely miss tof's ghost. Tof's ghost hits you!
You hit tof's ghost. You kick tof's ghost.
Tof's ghost is lightly damaged.
Tof's ghost hits you!
* * * LOW HITPOINT WARNING * * *
Tof's ghost hits you.
You die...

..#+
.)..
#...
#..####
#..##<#
#..##.#
#.W##.#
#.@##.#
#.....#
##.##.#
#.####
#%. ###


You could see tof's ghost.

Vanquished Creatures
  2 adders (D:2)
  2 oozes
  A worm (D:2)
  A dart slug (D:1)
  A leopard gecko (D:1)
  2 ball pythons (D:1)
  5 giant cockroaches
  10 goblins
  5 hobgoblins
  2 jackals (D:2)
  3 kobolds
  A quokka (D:2)
  8 bats
  7 frilled lizards
  6 rats
56 creatures vanquished.

Notes
Turn   | Place    | Note
-------+----------+-------------------------------------------
     0 | D:1      | tof the Demonspawn Gladiator began the quest for the Orb.
     0 | D:1      | Reached XP level 1. HP: 16/16 MP: 1/1
   148 | D:1      | Gained mutation: You have a pair of small antennae on your head. [demonic ancestry]
   148 | D:1      | Reached XP level 2. HP: 22/22 MP: 2/2
   692 | D:1      | Reached XP level 3. HP: 27/28 MP: 3/3
   998 | D:2      | Reached skill level 1 in Armour
  1067 | D:2      | Found a shimmering altar of Xom.
  1584 | D:2      | Gained mutation: You have large cloven feet. [demonic ancestry]
  1584 | D:2      | Reached XP level 4. HP: 34/34 MP: 4/4
  1598 | D:2      | Found a shadowy altar of Dithmenos.
  2088 | D:3      | Noticed TimeToSplat's ghost (amateur GrCK)
  2172 | D:4      | Noticed tof's ghost (novice DsGl)
  2176 | D:4      | Slain by tof's ghost

Vault maps used:
D:1:      minmay_arrival_stone_box, minmay_pentomino_x2
D:2:      grunt_temple_overflow_open, minmay_misc_feat_ornament
D:3:      lemuel_round_altar, first_bread
D:4:      minmay_stone_trees_small, minmay_unequal

Skill      XL: |  1  2  3 |
---------------+----------+-----
Staves         | 3 |  3.6
Dodging        | 3 |  3.2
Armour         | 1 |  1.3
Fighting       | |  2.6
Throwing       | |  1.7

Action                   |  1- 3 |  4- 6 || total
-------------------------+-------+-------++-------
Melee: Quarterstaff      |   114 |    42 ||   156
       Kick              |       |    10 ||    10
  Eat: Chunk             |     2 |     2 ||     4
Armor: Leather armour    |    30 |    12 ||    42
Dodge: Dodged            |    72 |    37 ||   109

Table legend:
 A = Spawn XP
 B = Non-spawn XP
 C = Spawn XP percentage of total XP
 D = Spawn monster count
 E = Non-spawn monster count
 F = Spawn count percentage of total count
 G = Total turns spent on level
                    A         B        C        D         E        F      G
               +---------+---------+-------+---------+---------+-------+---------
         Total |       0 |     131 |   0.0 |       0 |      56 |   0.0 |  2176
               +---------+---------+-------+---------+---------+-------+---------
           D:1 |       0 |      42 |   0.0 |       0 |      19 |   0.0 |   831
           D:2 |       0 |      80 |   0.0 |       0 |      31 |   0.0 |  1277
           D:3 |       0 |       9 |   0.0 |       0 |       6 |   0.0 |    59
               +---------+---------+-------+---------+---------+-------+---------
